 Dungeon Sprint DCSS version 0.23.2-1-ga50397a (webtiles) character file.

Game seed: 3715087746893888668

24 doot the Chucker (level 2, -13/29 HPs)
             Began as a Troll Hunter on Apr 15, 2019.
             Mangled by a water elemental (15 damage)
             ... in the Dungeon (Sprint III: "The Ten Rune Challenge").
             The game lasted 00:01:49 (176 turns).

doot the Chucker (Troll Hunter)                      Turns: 176, Time: 00:01:50

Health: -13/29     AC:  5    Str: 19    XL:     2   Next: 79%
Magic:  1/1        EV: 10    Int:  7    God:
Gold:   17         SH:  0    Dex: 10    Spells: 1/1 levels left

rFire    . . .     SeeInvis .     - Unarmed
rCold    . . .     Gourm    +   (no shield)
rNeg     . . .     Faith    .   b - +0 robe
rPois    .         Spirit   .   (helmet restricted)
rElec    .         Reflect  .   (no cloak)
rCorr    .         Harm     .   (gloves unavailable)
MR       +....     NoTele   +   (boots unavailable)
Stlth    ++........             (no amulet)
HPRegen  0.49/turn              (no ring)
MPRegen  0.07/turn              (no ring)

@: no status effects
A: large, unfitting armour, beak, claws 3, camouflage 1, deformed body, fast
metabolism 3, gourmand, magic resistance 1, regeneration 1, shaggy fur 1, tough
skin 3, sturdy frame 1
a: no special abilities


You were in the Dungeon.
You were full.

You visited 1 branch You collected 17 gold pieces.

Inventory:

Hand Weapons
 a - a +0 short sword
Missiles
 c - 4 large rocks (quivered)
 d - 2 throwing nets
Armour
 b - a +0 robe (worn)
Scrolls
 k - a scroll of blinking
 l - a scroll of random uselessness {unknown}
 m - a scroll of amnesia
 o - a scroll of torment {unknown}
 p - a scroll of identify
 q - a scroll of remove curse {unknown}
 r - a scroll of immolation {unknown}
Potions
 e - 2 potions of curing
 g - a potion of heal wounds
 h - a potion of haste
 i - 3 potions of magic
 j - a potion of berserk rage
 s - 2 potions of flight
Comestibles
 f - 4 rations


   Skills:
 + Level 2.3 Fighting
 + Level 5.4 Throwing
 + Level 2.2 Dodging
 + Level 0.6 Stealth
 + Level 1.3 Unarmed Combat


You had one spell level left.
You didn't know any spells.
Your spell library was empty.

Dungeon Overview and Level Annotations

Branches:
Dungeon (1/1)

Altars:


Innate Abilities, Weirdness & Mutations

You are too large for most types of armour.
You have claws for hands.
Your metabolism is lightning-fast.
You like to eat raw meat.
Your natural rate of healing is unusually fast.
You are covered in fur. (AC +1)
You have extremely tough skin. (AC +3)
You have a beak for a mouth.
Your skin changes colour to match your surroundings (Stealth+).
Armour fits poorly on your strangely shaped body.
You are resistant to hostile enchantments. (MR+)
Your movements are slightly less encumbered by armour. (ER -2)


Message History

The water elemental hits you!!
Ouch! That really hurt!
* * * LOW HITPOINT WARNING * * *
The water elemental engulfs you in water!
You slip free of the water engulfing you.
You gasp with relief as air once again reaches your lungs.
You claw the water elemental! You peck the water elemental.
The water elemental is almost destroyed.
The water elemental barely misses you.
Unknown command.
You completely miss the water elemental.
The water elemental is almost destroyed.
The water elemental hits you!
* * * LOW HITPOINT WARNING * * *
Unknown command.
You barely miss the water elemental.
The water elemental is almost destroyed.
The water elemental hits you!
Ouch! That really hurt!
You die...

▓▓▓▓▓▓▓▓▓ ▓▓▓
▓<..#...#### ##.#
▓...#......#####..#
▓..##.......#..#..#
▓##.##.##...#..#..# #+#+#
##.##.###..##'#..#......
▓#.####.##..###.@E'(⌠....
▓.###..##..####...#...###
▓#.....##÷÷###....# ⌠.#
###..##...##.....# .#
##..##....#......# #
#..###..##.#.....# #..#
#.. ####....# ▓▓▓▓ ▓▓▓
▓▓▓▓▓▓


You could see a water elemental.

Vanquished Creatures
  A human (D)
  A phantom (D)
  4 rats (D)
6 creatures vanquished.

Vanquished Creatures (others)
  2 draconian scorchers (D)
  6 hellions (D)
  2 yaktaurs (D)
  An electric eel (D)
  2 plants (D)
13 creatures vanquished.

Grand Total: 19 creatures vanquished

Notes
Turn   | Place    | Note
-------+----------+-------------------------------------------
     0 | D        | doot the Troll Hunter began the quest for the Orb.
     0 | D        | Reached XP level 1. HP: 19/19 MP: 0/0
    52 | D        | Reached skill level 4 in Throwing
    53 | D        | Killed an electric eel
    80 | D        | Killed a yaktaur
    98 | D        | Killed a hellion
   108 | D        | Reached skill level 5 in Throwing
   108 | D        | Reached skill level 1 in Unarmed Combat
   108 | D        | Reached XP level 2. HP: 22/28 MP: 1/1
   112 | D        | Killed a yaktaur
   125 | D        | Killed a hellion
   125 | D        | Killed a hellion
   125 | D        | Killed a hellion
   126 | D        | Killed a hellion
   134 | D        | Killed a hellion
   139 | D        | Killed a white draconian scorcher
   150 | D        | Killed a white draconian scorcher
   168 | D        | Gained mutation: Armour fits poorly on your strangely
                  | shaped body. [potion of mutation]
   168 | D        | Gained mutation: Scrolls take you a little longer to read.
                  | [potion of mutation]
   168 | D        | Gained mutation: You are agile. (Dex +2) [potion of
                  | mutation]
   168 | D        | Gained mutation: Your movements are slightly less
                  | encumbered by armour. (ER -2) [potion of mutation]
   169 | D        | Lost mutation: Scrolls take you a little longer to read.
                  | [potion of mutation]
   169 | D        | Lost mutation: You are agile. (Dex +2) [potion of mutation]
   169 | D        | Gained mutation: You are frail. (-10% HP) [potion of
                  | mutation]
   169 | D        | Gained mutation: Your mind is acute. (Int +2) [potion of
                  | mutation]
   170 | D        | Lost mutation: Your mind is acute. (Int +2) [potion of
                  | mutation]
   170 | D        | Lost mutation: You are frail. (-10% HP) [potion of
                  | mutation]
   170 | D        | Gained mutation: You have a beak for a mouth. [potion of
                  | mutation]
   170 | D        | Gained mutation: You are resistant to hostile enchantments.
                  | (MR+) [potion of mutation]
   170 | D        | Gained mutation: Your skin changes colour to match your
                  | surroundings (Stealth+). [potion of mutation]
   171 | D        | Noticed a water elemental
   176 | D        | Mangled by a water elemental

Skill      XL: |  1 |
---------------+----+-----
Fighting       | 2 |  2.3
Throwing       | 5 |  5.4
Dodging        | 2 |  2.2
Unarmed Combat | 1 |  1.3
Stealth        | |  0.6

Action                   || total
-------------------------++-------
Melee: Unarmed           ||    28
       Peck              ||     1
Throw: Large rock        ||     4
  Use: Potion            ||     3
       Scroll            ||     2
 Stab: Sleeping          ||     1
  Eat: Chunk             ||     4
Armor: Robe              ||     7
Dodge: Dodged            ||    10
